 Dungeon Crawl Stone Soup version 0.31-a0-246-g8cbcc1cb85 (webtiles) character file.

Game seed: 3504047715142746286

103 qw the Shooter (level 4, -1/26 HPs)
             Began as a Gargoyle Hexslinger on July 12, 2023.
             Killed from afar by an orc wizard (6 damage)
             ... with a puff of flame
             ... on level 2 of the Dungeon.
             The game lasted 00:00:58 (2021 turns).

qw the Shooter (Gargoyle Hexslinger)                Turns: 2021, Time: 00:00:58

Health: -1/26      AC:  9    Str: 12    XL:     4   Next: 79%
Magic:  5/5        EV: 10    Int: 13    God:
Gold:   108        SH:  0    Dex: 14    Spells: 4/5 levels left

rFire   . . .        Y - +1 sling
rCold   . . .        (no shield)
rNeg    + . .        d - +0 ring mail
rPois   inf          (no helmet)
rElec   +            (no cloak)
rCorr   .            (no gloves)
SInv    .            (no boots)
Will    .....        (no amulet) Stlth
                     (no ring)
HPRegen 0.24/turn    (no ring)
MPRegen 0.09/turn

%: no passive effects
@: confused
A: sickness immunity, AC +3, negative energy resistance 1, electricity
resistance, torment resistance 1, petrification resistance
a: no special abilities


You were on level 2 of the Dungeon.
You visited 1 branch of the dungeon, and saw 3 of its levels.

You collected 108 gold pieces.


Innate Abilities, Weirdness & Mutations

You are immune to sickness and miasma.
Your stone body is resilient. (AC +3)
You are immune to poison.
You resist negative energy. (rN+)
You are resistant to electric shocks. (rElec)
You are resistant to unholy torment.
You are immune to petrification.


   Skills:
 - Level 2.0 Fighting
 + Level 4.0 Ranged Weapons
 - Level 1.9 Armour
 - Level 1.5 Dodging
 - Level 1.0 Spellcasting
 - Level 2.6 Hexes


You had 4 spell levels left.
You knew the following spells:

 Your Spells              Type           Power      Damage    Failure   Level
a - Slow                  Hex            28%        N/A       21%         1

Your spell library contained the following spells:

 Spells                   Type           Power      Damage    Failure   Level
 Inner Flame              Hex/Fire       4%         N/A       71%         3
 Portal Projectile        Hex/Tloc       8%         N/A       71%         3
 Cause Fear               Hex            3%         N/A       90%         4

Inventory:

Hand Weapons
 Y - a +1 sling (weapon)
Armour
 d - a +0 ring mail (worn)
Scrolls
 a - a scroll of identify
 i - a scroll of teleportation
Potions
 e - a potion of haste
 g - a potion of berserk rage {unknown}
 j - a potion of magic {unknown}

Dungeon Overview and Level Annotations

Branches:
Dungeon (3/15)

Altars:


Message History

2011 ||| STAIRDANCE The orc closely misses you.
Something hits you but does no damage.
You climb upwards.
Reactivating autopickup.
There is a stone staircase leading down here.
You shoot a sling bullet. The sling bullet hits the orc.
The orc is almost dead.
The orc misses you.
You hear some strange, mumbled words.
A magic dart appears from out of thin air!
Deactivating autopickup; reactivate with Ctrl-A.
The magic dart hits you. The orc misses you.
Something hits you but does no damage.
You shoot a sling bullet.
The sling bullet closely misses the orc.
Something hits you but does no damage. The orc closely misses you.
You shoot a sling bullet. The sling bullet barely misses the orc.
The orc barely misses you. Something hits you.
You shoot a sling bullet. The sling bullet hits the orc.
You kill the orc!
You hear some strange, mumbled words.
A magic dart appears from out of thin air!
The magic dart hits you.
You hear some strange, mumbled words.
You are confused.
You shoot a sling bullet. Something hits you but does no damage.
You shoot a sling bullet. Something hits you but does no damage.
You shoot a sling bullet.
You hear some strange, mumbled words.
A puff of flame appears from out of thin air!
The puff of flame hits you! Something hits you.
You shoot a sling bullet. Something hits you but does no damage.
You shoot a sling bullet.
You hear some strange, mumbled words.
A puff of flame appears from out of thin air!
The puff of flame hits you.
You die...

'####...###.#
#.#.......####..
.# #....###'##
##.#.........###.
'#########...#
#.%#..........###
...#$b #...#
##.##.###.####..#
...#.). ##...#
#..##.# #%..##..##
...# lS##....#
#.###.# #....#...#
...# ###...####.#
#.###....#...#
..## ###....##.).#
#..##........#
..####.....###.{@#
#..#######....
..#.......## #####
#...### #....
..'......##
#.....####....
..#....###
#.............
..########
###########.##
......##.# #..#
########.# ##.# #
#.# #.# # #.# #..


There were no monsters in sight!

Vanquished Creatures
  An orc wizard (D:3)
  An adder (D:3)
  A worm (D:2)
  A dart slug (D:2)
  8 orcs
  7 ball pythons
  4 bats
  4 endoplasms
  3 giant cockroaches
  6 goblins
  A hobgoblin (D:2)
  4 quokkas
  4 frilled lizards
  4 kobolds
  4 rats
53 creatures vanquished.

Notes
Turn   | Place    | Note
-------+----------+-------------------------------------------
     0 | D:1      | qw the Gargoyle Hexslinger began the quest for the Orb.
     0 | D:1      | Reached XP level 1. HP: 12/12 MP: 2/2
     0 | D:1      | 0 ||| qw: Version: 0.3-a-52-g30416fa
     0 | D:1      | 0 ||| qw: Game counter: 6354
     0 | D:1      | 0 ||| qw: Melee chars always use a shield: true
     0 | D:1      | 0 ||| qw: God list: Okawaru
     0 | D:1      | 0 ||| qw: Allow faded altars: false
     0 | D:1      | 0 ||| qw: Do Orc after clearing Dungeon:15 true
     0 | D:1      | 0 ||| qw: Do second Lair branch before Depths: true
     0 | D:1      | 0 ||| qw: Lair rune preference: random
     0 | D:1      | 0 ||| qw: Goals: Normal
     0 | D:1      | 0 ||| PLANNING D:1-11
   452 | D:1      | Reached XP level 2. HP: 16/16 MP: 3/3
   525 | D:1      | HP: 4/16 [quokka (1)]
   616 | D:1      | Reached skill level 3 in Ranged Weapons
   731 | D:1      | Found a faded altar of an unknown god.
   924 | D:1      | Reached XP level 3. HP: 21/21 MP: 4/4
   933 | D:1      | 933 ||| READING 2 scrolls labelled FOS KAUKAUCW.
   934 | D:1      | 934 ||| DROPPING scroll of poison.
  1351 | D:2      | 1351 ||| FLEEEEING.
  1352 | D:2      | 1352 ||| FLEEEEING.
  1755 | D:2      | 1755 ||| UPGRADING to +0 ring mail.
  1765 | D:2      | 1765 ||| DROPPING +0 robe.
  1766 | D:2      | 1766 ||| DROPPING scarf of invisibility.
  1767 | D:2      | 1767 ||| READING 2 scrolls labelled ENISIFI FUBIA.
  1770 | D:2      | 1770 ||| DRINKING 2 orange potions.
  1771 | D:2      | 1771 ||| DRINKING 2 brown potions.
  1811 | D:2      | 1811 ||| DROPPING potion of lignification.
  1828 | D:3      | Reached XP level 4. HP: 25/26 MP: 5/5
  1833 | D:3      | Reached skill level 4 in Ranged Weapons
  1836 | D:3      | 1836 ||| STAIRDANCE
  1916 | D:3      | Reached skill level 1 in Armour
  1916 | D:3      | 1916 ||| FLEEEEING.
  1917 | D:3      | 1917 ||| FLEEEEING.
  1918 | D:3      | 1918 ||| FLEEEEING.
  1919 | D:3      | 1919 ||| FLEEEEING.
  1920 | D:3      | 1920 ||| FLEEEEING.
  1921 | D:3      | 1921 ||| FLEEEEING.
  1922 | D:3      | 1922 ||| FLEEEEING.
  1923 | D:3      | 1923 ||| FLEEEEING.
  1924 | D:3      | 1924 ||| FLEEEEING.
  1925 | D:3      | 1925 ||| FLEEEEING.
  1926 | D:3      | 1926 ||| FLEEEEING.
  1930 | D:3      | 1930 ||| FLEEEEING.
  1931 | D:3      | 1931 ||| FLEEEEING.
  1932 | D:3      | 1932 ||| FLEEEEING.
  1933 | D:3      | 1933 ||| FLEEEEING.
  1934 | D:3      | 1934 ||| FLEEEEING.
  1935 | D:3      | 1935 ||| FLEEEEING.
  1936 | D:3      | 1936 ||| FLEEEEING.
  1937 | D:3      | 1937 ||| FLEEEEING.
  1938 | D:3      | 1938 ||| FLEEEEING.
  1939 | D:3      | 1939 ||| FLEEEEING.
  1940 | D:3      | 1940 ||| FLEEEEING.
  1941 | D:3      | 1941 ||| FLEEEEING.
  1942 | D:3      | 1942 ||| STAIRDANCE
  1971 | D:2      | 1971 ||| DRINKING 2 black potions.
  1972 | D:2      | 1972 ||| READING 2 scrolls of identify.
  1972 | D:2      | 1972 ||| IDENTIFYING sedimented inky potion
  1983 | D:3      | 1983 ||| STAIRDANCE
  1985 | D:3      | 1985 ||| DRINKING potion of curing.
  1985 | D:3      | 1985 ||| (to cure confusion)
  2001 | D:3      | HP: 6/26 [orc/+0 club (5)]
  2002 | D:3      | 2002 ||| DRINKING potion of heal wounds.
  2011 | D:3      | 2011 ||| STAIRDANCE
  2019 | D:2      | HP: 5/26 [something/puff of flame (12)]
  2021 | D:2      | Killed from afar by an orc wizard

Levels and vault maps discovered:
D:1:      minmay_arrival_widening_spiral_narrow, layout_loops_ring,
          shapermc_ecumenical_altar_mp_vishouse, corexii_leaking_fountain
D:2:      minmay_recursive_quarters, layout_basic, lightli_corner_chamber
D:3:      layout_loops_ring

Skill      XL: |  1  2  3  4 |
---------------+-------------+-----
Ranged Weapons | 3 4 |  4.0
Fighting       | 2 |  2.0
Armour         | 1 |  1.9
Dodging        | |  1.5
Spellcasting   | |  1.0
Hexes          | |  2.6

Action                     |  1- 3 |  4- 6 || total
---------------------------+-------+-------++-------
   Fire: Sling             |   157 |    56 ||   213
    Use: Potion            |     2 |     3 ||     5
         Scroll            |     2 |     1 ||     3
 Armour: Robe              |    15 |       ||    15
         Ring mail         |    12 |    43 ||    55
  Dodge: Dodged            |    38 |    28 ||    66

Table legend:
 A = Non-vault XP
 B = Vault XP
 C = Vault XP percentage of total XP
 D = Non-vault monster count
 E = Vault monster count
 F = Vault count percentage of total count
                 A         B        C        D         E       F
            +---------+---------+-------+---------+---------+-------
      Total |     138 |      10 |   6.8 |      48 |       5 |   9.4
            +---------+---------+-------+---------+---------+-------
        D:1 |      35 |       0 |   0.0 |      21 |       0 |   0.0
        D:2 |      37 |      10 |  21.3 |      19 |       5 |  20.8
        D:3 |      66 |       0 |   0.0 |       8 |       0 |   0.0
            +---------+---------+-------+---------+---------+-------
